Map: Nightshade LE

Players

INnoVation - Winner!

  • Race: Terran Terran
  • League: Grandmaster
  • Spawn Location: 11:00

RagnaroK (SHIN)

  • Race: Zerg Zerg
  • League: Master
  • Spawn Location: 5:00

VOD

Have the link to the VOD?

Description

Time

  • Played on: March 26, 2020, 9:47 a.m.
  • Length: 11:47
Show
View Real Time Build Order
Export as new Build Order

INnoVation Terran - Winner!

Build Orders: Reaper Expand, Banshee Rush 

Get SALT Encoding   

  12  0:00  SCV  
  13  0:12  SCV  
  14  0:17  Supply Depot  
  14  0:24  SCV  
  15  0:38  SCV  
  15  0:40  Barracks  
  16  0:43  Refinery  
  16  0:50  SCV  
  17  1:02  SCV  
  18  1:15  SCV  
  19  1:27  Orbital Command, Reaper  
  20  1:39  Command Center  
  20  1:50  Supply Depot  
  20  1:52  SCV  
  21  1:58  Marine  
  22  2:05  SCV  
  22  2:07  Factory  
  23  2:12  Refinery  
  23  2:17  SCV  
  23  2:21  Barracks Reactor  
  24  2:29  SCV  
  25  2:41  SCV  
  26  2:51  Orbital Command  
  26  2:52  Starport  
  26  2:53  SCV  
  27  3:00  Hellion x2  
  27  3:04  Barracks Tech Lab  
  27  3:05  SCV  
  32  3:16  Supply Depot, SCV  
  32  3:17  SCV  
  34  3:21  Hellion x2  
  38  3:28  SCV  
  38  3:29  SCV  
  40  3:34  Cloaking Field, Banshee  
  40  3:36  Marine  
  45  3:41  SCV x2  
  45  3:44  Supply Depot  
  46  3:53  SCV x2  
  46  3:55  Barracks Tech Lab  
  48  4:00  Factory Reactor  
  48  4:08  Command Center  
  48  4:10  SCV x2  
  48  4:15  Marine  
  51  4:17  Banshee  
  51  4:22  SCV x2  
  56  4:25  Stimpack, Barracks  
  56  4:30  Barracks  
  56  4:34  SCV  
  56  4:35  SCV  
  57  4:44  Engineering Bay  
  57  4:46  Refinery, Factory Reactor  
  57  4:47  Refinery  
  57  4:48  Engineering Bay, SCV  
  57  4:49  SCV  
  57  4:50  Marine  
  60  4:57  Supply Depot  
  60  5:00  SCV  
  60  5:01  SCV  
  62  5:12  Terran Infantry Weapons Level 1  
  62  5:14  Terran Infantry Armor Level 1  
  62  5:19  SCV x2  
  64  5:21  Orbital Command  
  64  5:23  Marine  
  64  5:25  Starport Reactor  
  65  5:31  SCV x2  
  65  5:32  Barracks  
  65  5:33  Marine x2  
  65  5:34  Medivac, Marine, Barracks  
  72  5:36  Marine  
  72  5:40  Medivac  
  72  5:41  Orbital Command  
  75  5:43  SCV x2  
  75  5:44  Supply Depot  
  75  5:47  Siege Tank  
  80  5:55  SCV x2  
  82  5:58  Supply Depot  
  82  5:59  Marine x3  
  85  6:05  Marine x2  
  85  6:06  Supply Depot, SCV  
  85  6:07  SCV x2  
  90  6:17  Marine x3  
  93  6:20  Armory, Siege Tank  
  93  6:23  Marine x2  
  98  6:27  SCV x3  
  101  6:35  Barracks Reactor x2, Marine  
  101  6:39  SCV x3  
  102  6:42  Barracks x3  
  102  6:43  Supply Depot x2  
  102  6:51  Combat Shield, Marine x4  
  102  6:52  Siege Tank  
  109  6:59  Supply Depot  
  109  7:05  SCV x3  
  109  7:06  Medivac, Supply Depot  
  116  7:10  Supply Depot  
  116  7:12  Terran Infantry Weapons Level 2  
  116  7:13  Terran Infantry Armor Level 2  
  116  7:14  Marine x2  
  116  7:15  Marine  
  102  7:16  Marine  
  102  7:17  Marine  
  102  7:20  Marine x3  
  107  7:28  Barracks Reactor x2  
  107  7:29  Barracks Reactor  
  107  7:32  Marine x4  
  107  7:34  Marine  
  107  7:35  Marine  
  109  7:37  Marine  
  109  7:38  Marine x2  
  109  7:40  Siege Tank  
  109  7:41  Refinery  
  115  7:47  Supply Depot  
  115  7:48  Supply Depot  
  115  7:49  Marine  
  115  7:50  Marine x3  
  119  7:51  Refinery  
  119  7:54  Marine  
  119  7:55  Marine x4  
  119  7:57  Medivac  
  126  7:58  Medivac  
  126  8:05  Marine x6  
  134  8:07  Marine  
  134  8:08  Marine x3  
  134  8:12  Supply Depot  
  134  8:14  Supply Depot  
  134  8:15  Siege Tank  
  134  8:16  Marine x3  
  134  8:18  Marine  
  138  8:24  Marine x7  
  145  8:28  Medivac  
  145  8:29  Medivac  
  145  8:34  Marine x6  
  150  8:36  Marine x2  
  157  8:41  Marine  
  157  8:44  Supply Depot  
  141  8:58  Medivac, Siege Tank  
  141  8:59  Medivac, Marine x14  
  141  9:00  Marine  
  141  9:12  SCV x2  
  141  9:17  SCV, Marine x6  
  141  9:19  Marine  
  141  9:20  Marine x5  
  153  9:28  Medivac, Marine  
  153  9:29  Medivac, Marine x2  
  159  9:34  Marine  
  159  9:35  Marine  
  159  9:37  Marine x4  
  165  9:41  Siege Tank  
  154  9:47  Marine x7  
  152  9:53  Marine x4  
  152  9:55  Marine  
  152  9:56  Marine x3  
  152  9:58  Medivac  
  160  10:04  Marine  
  160  10:05  Marine x2  
  150  10:12  Marine  
  150  10:13  Siege Tank  
  150  10:14  Marine x8  
  112  10:17  Marine  
  111  10:21  Marine  
  111  10:22  Marine  
  111  10:24  Marine  
  111  10:26  Marine  
  111  10:27  Marine  
  109  10:30  Marine  
  109  10:33  Marine x3  
  109  10:34  Marine  
  105  10:36  Marine  
  105  10:37  Marine  
  105  10:38  Marine  
  102  10:44  Marine  
  97  10:51  Marine x2, Siege Tank  
  97  10:52  Marine x2  
  97  10:53  Marine x2  
  97  10:56  Marine x3  
  109  11:01  Marine x4  
  109  11:04  Marine x2  
  110  11:09  Marine x4  
  110  11:11  Medivac  
  100  11:12  Medivac  
  100  11:14  Marine x2  
  100  11:16  Marine x3  
  98  11:24  Marine x5  
  98  11:25  Marine  
  104  11:27  Marine x3  
Show
View Real Time Build Order
Export as new Build Order

RagnaroK Zerg 

Build Orders: Hatch First 

Get SALT Encoding   

  12  0:00  Drone  
  13  0:08  Drone  
  14  0:16  Overlord  
  14  0:35  Drone x2  
  16  0:47  Hatchery  
  15  0:51  Drone  
  15  0:54  Drone  
  17  0:57  Drone  
  18  1:09  Extractor  
  17  1:12  Spawning Pool  
  17  1:16  Drone  
  17  1:19  Drone  
  18  1:30  Drone  
  19  1:42  Drone  
  20  1:59  Queen x2  
  20  2:00  Zergling x4  
  26  2:08  Drone  
  27  2:14  Hatchery  
  26  2:19  Overlord  
  27  2:22  Drone  
  27  2:26  Drone  
  28  2:39  Drone x3  
  28  2:42  Queen  
  33  2:46  Metabolic Boost  
  33  2:52  Overlord  
  33  2:55  Drone  
  33  2:57  Drone  
  35  3:00  Drone  
  36  3:11  Drone x3  
  36  3:12  Drone x2  
  41  3:14  Drone  
  41  3:19  Queen  
  42  3:23  Overlord  
  44  3:29  Drone  
  44  3:30  Queen  
  47  3:38  Drone x3  
  50  3:41  Overlord  
  50  3:44  Zergling x2  
  50  3:45  Zergling x2  
  50  3:47  Drone  
  53  3:51  Overlord  
  53  3:52  Drone x2  
  53  3:55  Zergling x2  
  56  3:58  Queen  
  56  4:00  Drone  
  60  4:02  Drone  
  60  4:03  Drone  
  60  4:05  Drone  
  60  4:09  Queen  
  64  4:15  Drone  
  64  4:16  Spore Crawler, Drone  
  65  4:18  Spore Crawler  
  65  4:22  Baneling Nest  
  65  4:24  Spore Crawler  
  62  4:25  Zergling x4  
  62  4:28  Drone  
  65  4:33  Overlord, Drone x3  
  65  4:38  Overlord  
  68  4:40  Drone x2, Extractor  
  68  4:41  Drone, Extractor  
  68  4:44  Zergling x4  
  71  4:49  Lair  
  71  4:51  Drone x3  
  74  4:58  Drone x2  
  76  5:01  Evolution Chamber x2  
  76  5:03  Overlord  
  74  5:08  Overlord, Drone  
  74  5:09  Drone x4  
  74  5:10  Drone  
  80  5:16  Overlord  
  80  5:17  Drone x2  
  80  5:19  Overlord  
  82  5:21  Overlord  
  82  5:22  Drone x2  
  84  5:29  Zergling x4  
  84  5:31  Drone x2, Extractor  
  84  5:32  Zerg Melee Weapons Level 1, Extractor  
  84  5:34  Zerg Ground Armor Level 1  
  86  5:43  Drone x5  
  86  5:48  Overseer  
  91  5:51  Spore Crawler, Zergling x14  
  91  5:53  Centrifical Hooks  
  97  6:01  Hatchery  
  95  6:05  Drone x2  
  95  6:06  Hydralisk Den  
  95  6:08  Zergling x6  
  96  6:14  Drone x3  
  93  6:22  Overlord  
  91  6:34  Drone x3  
  91  6:38  Drone x3, Muscular Augments  
  91  6:39  Drone x3  
  98  6:40  Baneling x11  
  98  6:43  Drone x3  
  101  6:51  Hydralisk x4  
  109  6:59  Overlord  
  109  7:05  Hydralisk x4  
  109  7:08  Drone x4  
  120  7:09  Drone  
  120  7:10  Drone  
  120  7:14  Drone x2  
  123  7:21  Baneling x3  
  123  7:22  Overlord  
  122  7:23  Drone x3  
  125  7:30  Zerg Melee Weapons Level 2  
  125  7:31  Hydralisk, Zergling x6  
  125  7:32  Zergling x2  
  125  7:35  Extractor  
  130  7:37  Overlord  
  130  7:38  Drone x4  
  130  7:42  Zerg Ground Armor Level 2  
  134  7:44  Extractor  
  134  7:46  Drone x3  
  134  7:47  Zergling x6  
  134  7:51  Grooved Spines  
  139  7:54  Drone  
  139  7:59  Drone  
  139  8:01  Infestation Pit, Zergling x20  
  139  8:04  Overlord  
  148  8:15  Hatchery, Baneling x11  
  148  8:16  Overlord  
  148  8:18  Zergling x10  
  152  8:26  Zergling x18  
  161  8:30  Baneling  
  161  8:31  Baneling x10  
  161  8:35  Overlord  
  161  8:39  Baneling x6  
  161  8:40  Zergling x2  
  161  8:41  Zergling x8  
  165  8:47  Hive  
  162  8:50  Zergling x12, Extractor  
  162  8:51  Zergling x2  
  158  8:58  Zergling x2  
  158  8:59  Zergling x12  
  153  9:04  Hydralisk  
  153  9:05  Zergling x10  
  153  9:06  Baneling x4  
  153  9:07  Baneling  
  153  9:09  Zergling x2  
  161  9:15  Baneling x5  
  161  9:16  Baneling x7  
  154  9:18  Zergling x8  
  154  9:21  Overlord  
  158  9:24  Zergling x10  
  158  9:28  Zergling x4  
  158  9:33  Zergling x6  
  158  9:37  Hydralisk, Baneling x5  
  158  9:38  Zergling x2  
  164  9:40  Overlord x2  
  164  9:41  Zergling x4  
  156  9:46  Zergling x2  
  156  9:47  Zergling x14  
  156  9:48  Zergling x2  
  156  9:50  Zergling x4  
  159  9:54  Baneling x3  
  159  9:55  Baneling x3  
  159  9:58  Baneling x6  
  159  10:01  Zergling x6  
  159  10:02  Zergling x2  
  159  10:06  Zergling x4  
  150  10:09  Zergling x4  
  150  10:12  Zergling x18  
  150  10:13  Zergling x2  
  133  10:20  Zergling x16  
  122  10:23  Zergling x4  
  122  10:26  Zergling x2  
  122  10:27  Hydralisk  
  122  10:28  Hydralisk  
  111  10:31  Hydralisk  
  111  10:32  Hydralisk  
  111  10:34  Hydralisk  
  109  10:37  Hydralisk  
  109  10:38  Hydralisk  
  109  10:39  Hydralisk x2  
  109  10:40  Zergling x2  
  109  10:42  Zergling x4  
  114  10:43  Zergling x2  
  114  10:44  Zergling x2  
  114  10:45  Zergling x2  
  114  10:46  Zergling x2  
  114  10:47  Zergling x2  
  114  10:48  Zergling x2  
  114  10:49  Zergling x2  
  118  10:50  Baneling x3  
  118  10:51  Zergling x2  
  118  10:55  Zergling x4  
  120  10:58  Zergling x2  
  120  10:59  Zergling x2  
  120  11:01  Zergling x2  
  120  11:02  Zergling x2  
  105  11:06  Zergling x2  
  105  11:08  Zergling x8  
  105  11:11  Zergling x4  
  92  11:12  Zergling x2  
  92  11:15  Hydralisk  
  83  11:18  Zergling x2  
  83  11:20  Hydralisk  
  83  11:22  Zergling x4  
  74  11:26  Zergling x2  
  74  11:29  Zergling x2  
  74  11:31  Baneling x2  
Tags
 
Add a new tag
Caveats
  • Supply blocks, unpowered buildings, or Contaminate may cause inaccurate times.
  • Supply counts are checked every 10 seconds.